 Dungeon Crawl Stone Soup version 0.22-b1-21-g5cfc1688f2 (webtiles) character file.

58476 3rdEnemy the Markscentaur (level 14, -4/125 HPs)
             Began as a Centaur Hunter on Aug 5, 2018.
             Was the Champion of Okawaru.
             Splashed by an oklob plant's acid (16 damage)
             ... on level 6 of the Lair of Beasts on Aug 6, 2018.
             The game lasted 01:40:23 (26964 turns).

3rdEnemy the Markscentaur (Centaur Hunter)         Turns: 26964, Time: 01:40:23

Health: -4/125     AC:  0    Str: 17    XL:     14   Next: 49%
Magic:  20/20      EV: 10    Int: 12    God:    Okawaru [******]
Gold:   1219       SH:  0    Dex: 13    Spells: 13/13 levels left

rFire    . . .     SeeInvis +   a - +4 shortbow (freeze)
rCold    + . .     Gourm    .   (shield currently unavailable)
rNeg     + . .     Faith    +   h - +4 scale mail {rC+}
rPois    +         Spirit   .   M - +1 hat {SInv}
rElec    .         Reflect  .   V - +1 cloak {MR+}
rCorr    .         Harm     .   j - +1 pair of gloves
MR       ++...                  (no barding)
Stlth    ..........             J - amulet "Luxem" {Faith Int+2 Dex+2}
HPRegen  0.70/turn              Z - +1 ring of evasion
MPRegen  0.17/turn              Y - ring of positive energy

@: corroded, very quick
A: large, antennae 1, hooves 3, deformed body, speed 2, poison resistance,
regeneration 1, tough skin 3, weak 1
a: Heroism, Finesse, Renounce Religion


You were on level 6 of the Lair of Beasts.
You worshipped Okawaru.
Okawaru was exalted by your worship.
You were not hungry.

You visited 3 branches of the dungeon, and saw 19 of its levels.
You also visited: Ice Cave.

You collected 1219 gold pieces.

Inventory:

Hand Weapons
 a - a +4 shortbow of freezing (weapon)
 b - a +0 halberd of holy wrath
 t - a -3 hand crossbow
Missiles
 d - 221 arrows (quivered)
 B - 55 bolts
Armour
 h - a +4 scale mail of cold resistance (worn)
 j - a +1 pair of gloves (worn)
 o - a +2 ring mail of fire resistance
 w - the +0 large shield "Jif Zile" {rElec}
   (You found it on level 4 of the Dungeon)

   It insulates you from electricity.
 M - a +1 hat of see invisible (worn)
 V - a +1 cloak of magic resistance (worn)
Magical Staves
 L - an uncursed staff of energy
Jewellery
 J - the amulet "Luxem" (around neck) {Faith Int+2 Dex+2}
   (You acquired it on level 12 of the Dungeon)

   [amulet of faith]

   It allows you to gain divine favour quickly.
   It affects your intelligence (+2).
   It affects your dexterity (+2).
 R - an uncursed amulet of rage {unknown}
 Y - a ring of positive energy (right hand)
 Z - a +1 ring of evasion (left hand)
Wands
 m - a wand of iceblast (11)
 s - a wand of enslavement (20)
 D - a wand of flame (15)
 E - a wand of disintegration (30)
 H - a wand of polymorph (19)
 O - a wand of acid (4)
 S - a wand of paralysis (35)
 U - a wand of random effects (12)
Scrolls
 e - 9 scrolls of remove curse
 k - 5 scrolls of magic mapping
 n - a scroll of brand weapon {unknown}
 r - 7 scrolls of identify
 u - a scroll of summoning
 v - 4 scrolls of silence
 x - a scroll of fear
 y - 6 scrolls of enchant armour
 A - 4 scrolls of fog
 I - 4 scrolls of teleportation
 K - 4 scrolls of blinking
 P - 2 scrolls of holy word
 Q - 2 scrolls of enchant weapon
Potions
 c - 2 potions of might
 g - 2 potions of flight
 l - 6 potions of brilliance
 p - a potion of heal wounds
 q - 10 potions of curing
 z - 2 potions of lignification
 C - 5 potions of haste
 F - 2 potions of mutation
 G - 4 potions of agility
 N - 2 potions of cancellation
Comestibles
 f - 52 rations
 i - 21 chunks of flesh


   Skills:
 + Level 11.9 Fighting
 * Level 17.9 Bows
 + Level 11.2 Armour
 - Level 4.0 Dodging
 - Level 1.0 Stealth
 - Level 4.0 Shields
 + Level 8.9 Invocations


You had 13 spell levels left.
You didn't know any spells.
Your spell library contained the following spells:

 Spells                   Type           Power        Failure   Level  Hunger
 Cause Fear               Hex            #.........   100%        4    #####..
 Slow                     Hex            #.......     78%         2    ###....
 Confuse                  Hex            #.......     95%         3    ####...
 Mephitic Cloud           Conj/Pois/Air  #.......     95%         3    ####...
 Venom Bolt               Conj/Pois      #.........   100%        5    ######.
 Olgreb's Toxic Radiance  Pois           #.......     100%        4    #####..
 Animate Dead             Necr           N/A          100%        4    #####..
 Pain                     Necr           #...         65%         1    ##.....
 Animate Skeleton         Necr           N/A          65%         1    ##.....
 Vampiric Draining        Necr           #.........   95%         3    ####...
 Regeneration             Chrm/Necr      #.........   95%         3    ####...
 Sting                    Conj/Pois      #...         65%         1    ##.....
 Tukima's Dance           Hex            #.......     95%         3    ####...
 Ensorcelled Hibernation  Hex/Ice        #.....       78%         2    ###....
 Corona                   Hex            #......      65%         1    ##.....
 Portal Projectile        Hex/Tloc       #.....       95%         3    ####...
 Leda's Liquefaction      Hex/Erth       #.........   100%        4    #####..
 Inner Flame              Hex/Fire       #.......     95%         3    ####...
 Dazzling Spray           Conj/Hex       #.....       95%         3    ####...
 Poisonous Vapours        Pois/Air       #.....       78%         2    ###....


Dungeon Overview and Level Annotations

Branches:
Dungeon (12/15)            Temple (1/1) D:7            Lair (6/6) D:9
 Shoals (0/4) Lair:3        Snake (0/4) Lair:3          Orc (0/2) D:11
  Slime: Lair:5-6

Altars:
Cheibriados
Dithmenos
Elyvilon
Fedhas
Gozag
Hepliaklqana
Kikubaaqudgha
Makhleb
Nemelex Xobeh
Okawaru
Qazlal
Ru
Sif Muna
Trog
Uskayaw
Vehumet
Wu Jian
Xom
Yredelemnul
Zin
The Shining One
Beogh
Lugonu

Annotations:
Lair:6 exclusion: oklob plant


Innate Abilities, Weirdness & Mutations

You have hooves in place of feet.
Armour fits poorly on your strangely shaped body.
You cover ground very quickly.
You have extremely tough skin. (AC +3)
You have a pair of small antennae on your head.
Your system is resistant to poisons. (rPois)
Your natural rate of healing is unusually fast.
You are weak. (Str -2)


Message History

You shoot an arrow. The arrow hits the oklob plant.
The arrow freezes the oklob plant.
The oklob plant is almost destroyed.
The oklob plant spits acid at you. The splash of acid hits you!
The acid corrodes you!
You are splashed with acid!
The acid burns!
* * * LOW HITPOINT WARNING * * *
Unknown command.
Okay, then.
Firing (i - inventory)
d - 222 arrows (quivered)
Press: ? - help, Shift-Dir - straight line, f/p - oklob plant
Aim: an oklob plant (almost destroyed)
You shoot an arrow.
The arrow hits the oklob plant but does no damage.
The oklob plant is almost destroyed.
The oklob plant spits acid at you. The splash of acid hits you!
* * * LOW HITPOINT WARNING * * *
The acid corrodes you!
You are splashed with acid!
The acid burns!
You die... ### ##..########### PP.#....#....?.# ) .P..............# P($

...P.............#.....
................@.((....
....................(...
.....................(..
........................
...............####.....
...........##### ≈P..≈
.....)...###... ≈≈.≈
.............P≈≈ ≈≈≈≈
.......≈P..≈≈≈≈≈


You could see an oklob plant.

Vanquished Creatures
  Gastronok (Lair:1)
  Josephine (D:11)
  A centaur warrior (D:10)
  3 hydras
  A catoblepas (Lair:4)
  5 two-headed ogres
  Sonja (Lair:1)
  The ghost of Bizaynaq the Cudgeler, a novice HuSk of Okawaru (D:8)
  Pikel (D:6)
  A necromancer (IceCv)
  2 ugly things
  3 manticores
  5 elephants (Lair:5)
  A cyclops (D:11)
  A black mamba (Lair:5)
  Joseph (D:7)
  2 ice statues (IceCv)
  A centaur skeleton (D:12)
  24 spiny frogs
  6 komodo dragons
  11 rime drakes
  6 ice devils (IceCv)
  4 red devils (D:12)
  3 trolls
  A queen bee (Lair:2)
  2 tyrant leeches (Lair:5)
  A hornet (D:11)
  2 polar bears
  22 blink frogs
  A snapping turtle (Lair:3)
  10 hippogriffs
  13 dream sheep
  4 wraiths (D:11)
  A vampire (D:11)
  11 wyverns
  2 hogs (D:10)
  5 basilisks (Lair:5)
  A human (D:10)
  3 yaks
  A hungry ghost (D:11)
  9 vampire mosquitoes
  Menkaure (D:6)
  2 nagas (Lair:3)
  A soldier ant (D:12)
  2 hell hounds (D:9)
  10 water moccasins
  9 porcupines
  2 black bears
  8 orc warriors
  4 sky beasts
  5 ice beasts
  A slave (D:6)
  5 phantoms
  An eye of draining (D:11)
  6 ogres
  8 centaurs
  4 wolves (Lair:1)
  16 crocodiles
  2 big kobolds
  26 bullfrogs
  2 wyvern zombies
  2 wyvern skeletons
  3 scorpions
  30 killer bees
  An electric eel (Lair:6)
  A howler monkey (D:6)
  4 draconian simulacra (IceCv)
  3 bullfrog zombies
  4 crimson imps
  5 hounds
  A quasit (D:9)
  2 centaur zombies
  5 jellies
  17 orc priests
  A bullfrog skeleton (D:11)
  Terence (D:2)
  3 iguanas
  9 orc wizards
  12 worker ants
  3 troll simulacra (IceCv)
  2 centaur simulacra (IceCv)
  A hound zombie (D:9)
  A howler monkey zombie (D:8)
  A worker ant zombie (D:10)
  2 howler monkey skeletons
  7 gnolls
  13 adders
  An ogre simulacrum (IceCv)
  4 shadow imps
  2 oozes
  An adder skeleton (D:6)
  An adder zombie (D:6)
  2 dart slugs
  3 leopard geckos
  60 orcs
  8 bats
  4 giant cockroaches
  4 goblins
  7 hobgoblins
  7 jackals
  13 kobolds
  2 quokkas (D:3)
  A ball python (D:2)
  A ball python skeleton (D:4)
  2 frilled lizards
  A quokka skeleton (D:4)
  5 rats
  A fungus (Lair:6)
  A plant (Lair:2)
555 creatures vanquished.

Vanquished Creatures (others)
  A killer bee zombie (D:7)
  16 fungi
  31 plants
48 creatures vanquished.

Grand Total: 603 creatures vanquished

Notes
Turn   | Place    | Note
-------+----------+-------------------------------------------
     0 | D:1      | 3rdEnemy the Centaur Hunter began the quest for the Orb.
     0 | D:1      | Reached XP level 1. HP: 17/17 MP: 1/1
   181 | D:1      | Reached XP level 2. HP: 12/24 MP: 2/2
  1019 | D:2      | Noticed Terence
  1041 | D:2      | Killed Terence
  1041 | D:2      | Reached skill level 1 in Stealth
  1041 | D:2      | Reached XP level 3. HP: 17/30 MP: 3/3
  1216 | D:2      | Reached skill level 1 in Armour
  1219 | D:2      | Found a shimmering altar of Xom.
  1439 | D:2      | Reached XP level 4. HP: 37/37 MP: 4/4
  2060 | D:3      | Reached skill level 6 in Bows
  2111 | D:3      | Found a sparkling altar of Nemelex Xobeh.
  2271 | D:3      | Found an ornate altar of the Wu Jian Council.
  2325 | D:3      | Found a shadowy altar of Dithmenos.
  2620 | D:3      | Found a snail-covered altar of Cheibriados.
  2701 | D:3      | Found an opulent altar of Gozag.
  2800 | D:4      | Reached XP level 5. HP: 19/45 MP: 5/5
  3031 | D:4      | Noticed a phantom
  3072 | D:4      | Noticed a phantom
  3109 | D:4      | Killed a phantom
  3190 | D:4      | Killed a phantom
  3190 | D:4      | Reached XP level 6. HP: 34/51 MP: 6/6
  3932 | D:4      | Got a crude large shield
  4017 | D:3      | Identified the cursed +0 large shield "Jif Zile" {rElec} (You found it on level 4 of the Dungeon)
  4194 | D:5      | Entered Level 5 of the Dungeon
  4231 | D:5      | Reached skill level 7 in Bows
  4231 | D:5      | Reached XP level 7. HP: 44/58 MP: 7/7
  4990 | D:5      | Found a stormy altar of Qazlal.
  5343 | D:6      | Reached XP level 8. HP: 45/67 MP: 8/8
  5674 | D:6      | Reached skill level 1 in Shields
  5783 | D:6      | Reached skill level 8 in Bows
  5797 | D:6      | Found a glowing golden altar of the Shining One.
  5861 | D:6      | Found a sacrificial altar of Ru.
  5920 | D:6      | Reached skill level 5 in Fighting
  6101 | D:6      | Reached skill level 5 in Armour
  6485 | D:7      | Noticed Menkaure
  6499 | D:6      | Killed Menkaure
  6700 | D:7      | Reached XP level 9. HP: 62/74 MP: 9/9
  6714 | D:7      | Got an iridescent long sword
  6715 | D:7      | Identified the +1 long sword "Xusaoloz" {elec, *Corrode +Fly rElec Str-3} (You found it on level 7 of the Dungeon)
  7362 | D:7      | Reached skill level 9 in Bows
  7442 | D:7      | Noticed Pikel
  7443 | D:7      | Noticed Joseph
  7533 | D:6      | Killed Pikel
  7837 | D:7      | Killed Joseph
  8071 | D:7      | Found a radiant altar of Vehumet.
  8220 | D:7      | Found a staircase to the Ecumenical Temple.
  8234 | Temple   | Entered the Ecumenical Temple
  8297 | Temple   | Became a worshipper of Warmaster Okawaru
  8427 | D:7      | Found a deep blue altar of Sif Muna.
  8463 | D:8      | Found a runed door.
  8484 | D:8      | Noticed Bizaynaq's ghost (novice HuSk)
  8538 | D:8      | Reached XP level 10. HP: 48/84 MP: 10/10
  9139 | D:8      | Reached skill level 10 in Bows
  9621 | D:8      | Killed Bizaynaq's ghost
  9621 | D:8      | Reached * piety under Okawaru
  9700 | D:9      | Found a staircase to the Lair.
  9722 | D:9      | Found a white marble altar of Elyvilon.
 10179 | D:9      | Got a slimy robe
 10470 | D:9      | Reached ** piety under Okawaru
 10730 | D:9      | Noticed a two-headed ogre
 10868 | D:9      | Killed a two-headed ogre
 11055 | D:9      | Reached skill level 11 in Bows
 11921 | D:9      | Reached *** piety under Okawaru
 12160 | D:9      | Identified the cursed +0 robe of the Sunfish {rElec rF+ rCorr} (You found it on level 9 of the Dungeon)
 12165 | D:10     | Entered Level 10 of the Dungeon
 12257 | D:10     | Noticed a centaur warrior
 12531 | D:10     | Reached XP level 11. HP: 90/94 MP: 11/11
 12556 | D:10     | Received a gift from Okawaru
 12682 | D:10     | Found a glowing silver altar of Zin.
 12814 | D:10     | Noticed a white ugly thing
 12976 | D:10     | Killed a white ugly thing
 13403 | D:10     | Killed a centaur warrior
 13403 | D:10     | Reached **** piety under Okawaru
 13461 | D:10     | Noticed an eight-headed hydra
 13475 | D:10     | Killed an eight-headed hydra
 13475 | D:10     | Received a gift from Okawaru
 13561 | D:10     | Reached skill level 12 in Bows
 13722 | D:10     | Noticed a two-headed ogre
 13760 | D:10     | Killed a two-headed ogre
 14566 | D:11     | Received a gift from Okawaru
 14853 | D:11     | Found a roughly hewn altar of Beogh.
 14853 | D:11     | Found a staircase to the Orcish Mines.
 15099 | D:11     | Reached skill level 1 in Invocations
 15483 | D:11     | Noticed Josephine
 15569 | D:11     | Killed Josephine
 15638 | D:11     | Reached ***** piety under Okawaru
 15638 | D:11     | Reached XP level 12. HP: 36/104 MP: 13/13
 15652 | D:11     | Received a gift from Okawaru
 15981 | D:11     | Reached skill level 13 in Bows
 16856 | D:11     | Noticed a two-headed ogre
 16864 | D:11     | Killed a two-headed ogre
 17021 | D:12     | Noticed a two-headed ogre
 17211 | D:11     | Killed a two-headed ogre
 17329 | D:12     | Received a gift from Okawaru
 17567 | D:12     | Noticed a two-headed ogre
 17588 | D:12     | Killed a two-headed ogre
 17588 | D:12     | Reached skill level 14 in Bows
 17878 | D:12     | Reached skill level 10 in Armour
 17920 | D:12     | Identified a scroll of acquirement
 17921 | D:12     | Got a brightly glowing tin amulet
 17922 | D:12     | Identified the amulet "Luxem" {Faith Int+2 Dex+2} (You acquired it on level 12 of the Dungeon)
 18022 | Lair:1   | Entered Level 1 of the Lair of Beasts
 18047 | Lair:1   | Found a frozen archway.
 18061 | Lair:1   | Reached skill level 10 in Fighting
 18399 | Lair:1   | Noticed Gastronok
 18426 | Lair:1   | Killed Gastronok
 18426 | Lair:1   | Received a gift from Okawaru
 18426 | Lair:1   | Received a gift from Okawaru
 18511 | Lair:1   | Reached skill level 5 in Invocations
 18562 | IceCv    | Entered an ice cave
 19718 | IceCv    | Reached skill level 15 in Bows
 19899 | Lair:1   | Reached XP level 13. HP: 86/114 MP: 17/17
 20122 | Lair:1   | Noticed Sonja
 20125 | Lair:1   | Received a gift from Okawaru
 20129 | Lair:1   | Killed Sonja
 20129 | Lair:1   | Reached ****** piety under Okawaru
 20579 | Lair:2   | Received a gift from Okawaru
 22588 | Lair:3   | Received a gift from Okawaru
 22786 | Lair:3   | Found a staircase to the Snake Pit.
 22890 | Lair:3   | Reached skill level 16 in Bows
 23110 | Lair:3   | Found a staircase to the Shoals.
 24358 | Lair:5   | Gained mutation: Your natural rate of healing is unusually fast. [potion of mutation]
 24358 | Lair:5   | Gained mutation: You are weak. (Str -2) [potion of mutation]
 24358 | Lair:5   | Gained mutation: Your system is resistant to poisons. (rPois) [potion of mutation]
 24358 | Lair:5   | Gained mutation: You have a pair of small antennae on your head. [potion of mutation]
 24987 | Lair:5   | Received a gift from Okawaru
 24998 | Lair:5   | Reached skill level 17 in Bows
 24998 | Lair:5   | Reached XP level 14. HP: 54/124 MP: 19/19
 25652 | Lair:6   | Entered Level 6 of the Lair of Beasts
 25973 | Lair:5   | Received a gift from Okawaru
 26304 | Lair:5   | Received a gift from Okawaru
 26964 | Lair:6   | Splashed by an oklob plant's acid

Skill      XL: |  1  2  3  4  5  6  7  8  9 10 11 12 13 14 |
---------------+-------------------------------------------+-----
Stealth        | 1 |  1.0
Armour         | 1 2 3 4 5 6 8 9 10 11 | 11.2
Dodging        | 2 3 4 |  4.0
Bows           | 6 7 8 9 11 12 15 17 | 17.9
Fighting       | 3 4 5 6 8 9 10 11 | 11.9
Shields        | 2 3 4 |  4.0
Invocations    | 2 5 7 8 |  8.9

Action                   |  1- 3 |  4- 6 |  7- 9 | 10-12 | 13-15 || total
-------------------------+-------+-------+-------+-------+-------++-------
Melee: Short sword       |    53 |   106 |       |       |       ||   159
       Kick              |     6 |    26 |   110 |    33 |       ||   175
       Spear             |       |    79 |   531 |   113 |       ||   723
       Falchion          |       |       |     8 |     9 |       ||    17
       Halberd           |       |       |       |     2 |       ||     2
 Fire: Shortbow          |    27 |    56 |    76 |   466 |  1081 ||  1706
       Longbow           |       |       |       |   755 |       ||   755
Invok: Heroism           |       |       |       |     1 |       ||     1
Evoke: Wand              |       |       |       |     3 |       ||     3
  Use: Scroll            |       |     6 |     2 |    10 |    10 ||    28
       Potion            |       |       |     7 |     4 |     8 ||    19
  Eat: Chunk             |       |     8 |    13 |    31 |    11 ||    63
       Ration            |       |       |       |     1 |     1 ||     2
Armor: Leather armour    |    28 |     8 |       |       |       ||    36
       Ring mail         |     6 |       |       |       |       ||     6
       Scale mail        |       |   109 |   314 |   382 |   207 ||  1012
Dodge: Dodged            |    28 |    86 |    81 |   295 |   187 ||   677
Block: Large shield      |       |     9 |   240 |       |       ||   249
       Rpst.: Falchion   |       |       |       |     2 |       ||     2
